 Dungeon Crawl Stone Soup version 0.28-a0-313-gbc0475efdd (webtiles) character file.

Game seed: 9808974578295834886

119 rabbitsville the Firebug (level 4, -3/33 HPs)
             Began as a Demigod Fire Elementalist on Aug 30, 2021.
             Slain by a gnoll (11 damage)
             ... on level 4 of the Dungeon on Aug 31, 2021.
             The game lasted 00:21:26 (4006 turns).

rabbitsville the Firebug (DgFE)                     Turns: 4006, Time: 00:21:27

Health: -3/33      AC:  3    Str:  9    XL:     4   Next: 46%
Magic:  5/10       EV: 12    Int: 21    God:
Gold:   200        SH:  0    Dex: 14    Spells: 7/8 levels left

rFire   + . .      SeeInvis .   j - +0 spear
rCold   . . .      Faith    .   (no shield)
rNeg    . . .      Spirit   .   a - +0 robe
rPois   .          Reflect  .   (no helmet)
rElec   .          Harm     .   m - +0 cloak
rCorr   .          Rampage  .   (no gloves)
Will    .....      Rnd*Rage +   (no boots)
Stlth   ++........              (no amulet)
HPRegen 0.11/turn               h - ring of protection from fire
MPRegen 0.12/turn               (no ring)

@: no status effects
A: high mp 1, forlorn, berserk 1
a: no special abilities


You were on level 4 of the Dungeon.
You visited 1 branch of the dungeon, and saw 4 of its levels.

You collected 200 gold pieces.

Inventory:

Hand Weapons
 j - a +0 spear (weapon)
Missiles
 b - 18 poisoned darts
Armour
 a - a +0 robe (worn)
 m - a +0 cloak (worn)
Jewellery
 h - a ring of protection from fire (left hand)
Wands
 l - a wand of flame (22)
Scrolls
 c - a scroll of teleportation
 d - a scroll of amnesia {unknown}
 f - a scroll of enchant armour {unknown}
 k - 2 scrolls of immolation {unknown}


   Skills:
 - Level 1.7 Dodging
 - Level 1.7 Stealth
 + Level 2.5 Spellcasting
 + Level 2.1 Conjurations
 * Level 4.0 Fire Magic


You had 7 spell levels left.
You knew the following spells:

 Your Spells              Type           Power      Damage    Failure   Level
a - Foxfire               Conj/Fire      60%        2x1d7     3%          1

Your spell library contained the following spells:

 Spells                   Type           Power      Damage    Failure   Level
 Conjure Flame            Conj/Fire      15%        6-21      12%         3
 Sandblast                Erth           4%         2d4       14%         1
 Inner Flame              Hex/Fire       11%        N/A       19%         3
 Passwall                 Tmut/Erth      1%         N/A       22%         2
 Sticky Flame             Conj/Fire      15%        2d4       36%         4
 Fireball                 Conj/Fire      7%         3d5       71%         5
 Lee's Rapid Deconstruct  Erth           1%         3d5*      98%         5


Dungeon Overview and Level Annotations

Branches:
Dungeon (4/15)
 Temple: D:4-7


Innate Abilities, Weirdness & Mutations

Your attributes grow dramatically as you level up.
You have an increased reservoir of magic. (+10% MP)
You shall have no god before yourself.
You tend to lose your temper in combat.


Message History

You barely resist.
Casting: Foxfire (safe; 3% risk of failure)
Confirm with . or Enter, or press ? or * to list all spells.
You conjure some foxfire!
The orc priest miscasts a cantrip.
Unknown command.
Okay, then.
Sorry, you're not good enough to have a special ability.
Casting: Foxfire (safe; 3% risk of failure)
Confirm with . or Enter, or press ? or * to list all spells.
You conjure some foxfire!
The foxfire hits the orc priest.
The orc priest is lightly wounded.
The foxfire hits the orc priest.
The orc priest is lightly wounded.
The orc priest misses you.
Casting: Foxfire (safe; 3% risk of failure)
Confirm with . or Enter, or press ? or * to list all spells.
You conjure some foxfire!
The foxfire hits the orc priest.
The orc priest is heavily wounded.
The foxfire hits the orc priest.
The orc priest is severely wounded.
The orc priest hits you but does no damage.
The gnoll barely misses you.
Casting: Foxfire (safe; 3% risk of failure)
Confirm with . or Enter, or press ? or * to list all spells.
You conjure some foxfire!
The foxfire hits the gnoll.
The gnoll is heavily wounded.
The foxfire hits the orc priest.
The orc priest is severely wounded.
The orc priest hits you with a +0 club. The gnoll hits you with a +0 flail!
* * * LOW HITPOINT WARNING * * *
Casting: Foxfire (safe; 3% risk of failure)
Confirm with . or Enter, or press ? or * to list all spells.
You conjure some foxfire!
The foxfire hits the orc priest but does no damage.
The orc priest is severely wounded.
The orc priest hits you with a +0 club.
* * * LOW HITPOINT WARNING * * *
The gnoll hits you with a +0 flail!
You die...

... [.# #.# #.#
#.# #.# ##.##
###vv.#
#######.g@v.####
........o.ยง....+
#######.#.).####
####.##.##
#...<...#
#.###.#.# #
#.#..# #.###.# ##
..#


You could see an orc priest and a gnoll (ally target).

Vanquished Creatures
  4 gnolls
  2 adders (D:2)
  A worm (D:2)
  3 dart slugs
  3 orcs (D:3)
  5 ball pythons
  4 endoplasms
  4 giant cockroaches
  3 goblins
  3 hobgoblins
  4 jackals (D:3)
  6 bats
  3 frilled lizards
  3 kobolds (D:1)
  A quokka skeleton (D:2)
  4 rats
53 creatures vanquished.

Vanquished Creatures (others)
  155 foxfires
155 creatures vanquished.

Grand Total: 208 creatures vanquished

Notes
Turn   | Place    | Note
-------+----------+-------------------------------------------
     0 | D:1      | rabbitsville the Demigod Fire Elementalist began the quest
                  | for the Orb.
     0 | D:1      | Reached XP level 1. HP: 14/14 MP: 5/5
    17 | D:1      | Reached skill level 1 in Conjurations
   722 | D:1      | Reached skill level 3 in Fire Magic
   826 | D:1      | Reached XP level 2. HP: 20/20 MP: 5/7
  2058 | D:2      | Reached XP level 3. HP: 26/26 MP: 4/8
  2407 | D:2      | Upgraded the game from 0.28-a0-305-g9e858e973b to
                  | 0.28-a0-312-gbced6e68ee
  2860 | D:3      | HP: 1/26 [jackal (2)]
  2862 | D:3      | Gained mutation: You tend to lose your temper in combat.
                  | [potion of mutation]
  3191 | D:3      | Reached XP level 4. HP: 33/33 MP: 8/10
  3695 | D:3      | Reached skill level 4 in Fire Magic
  3981 | D:4      | Upgraded the game from 0.28-a0-312-gbced6e68ee to
                  | 0.28-a0-313-gbc0475efdd
  4006 | D:4      | Slain by a gnoll

Illustrated notes

Levels and vault maps discovered:
D:1:      dpeg_arrival_three_smaller_balls, layout_basic, minmay_misc_feat_iff,
          minmay_tromino_i4
D:2:      layout_rooms, shapermc_ecumenical_altar_totnotflames
D:3:      layout_loops_cross
D:4:      kennysheep_kobold_camp, layout_loops_corners,
          nicolae_uskayaw_murder_on_the_dancefloor, minmay_temple_entry_slanted

Skill      XL: |  1  2  3  4 |
---------------+-------------+-----
Conjurations   | 1 2 |  2.1
Fire Magic     | 3 4 |  4.0
Spellcasting   | 2 |  2.5
Dodging        | |  1.7
Stealth        | |  1.7

Action                   |  1- 3 |  4- 6 || total
-------------------------+-------+-------++-------
Melee: Spear             |    32 |    13 ||    45
       Dagger            |     2 |       ||     2
Throw: Dart              |     5 |       ||     5
 Cast: Foxfire           |    71 |    21 ||    92
  Use: Scroll            |     1 |       ||     1
       Potion            |     4 |       ||     4
Armor: Robe              |     9 |     3 ||    12
Dodge: Dodged            |    29 |    17 ||    46

Table legend: (Time is in decaauts)
 A = Elapsed time spent in this place.
 B = Non-inter-level travel time spent in this place.
 C = Inter-level travel time spent in this place.
 D = Time resting spent in this place.
 E = Time spent auto-exploring this place.
 F = Levels seen in this place.
 G = Mean time per level.
                   A        B        C        D        E       F      G
               +--------+--------+--------+--------+--------+-----+--------+
         Total |   3995 |   3948 |     47 |   1462 |   1265 |   4 |  998.8 |
       Dungeon |   3995 |   3948 |     47 |   1462 |   1265 |   4 |  998.8 |
               +--------+--------+--------+--------+--------+-----+--------+

Top non-repeatable levels by time:
     D:1: 1581 daAuts
     D:2: 1135 daAuts
     D:3: 987 daAuts
     D:4: 291 daAuts
